Unix NetHack Version 3.7.0-89 Work-in-progress - last build Nov 29 2023 03:14:05 (8663f69846b387d428bf56816b0fc57e108cd183,branch:master). Game began 2023-12-03 20:31:20, ended 2023-12-03 21:11:58. DoktorL, lawful female dwarven Valkyrie --|--- |>...+ ...._| |....+ ....^| ----+- #)# # # #### ####0# -|- +... |.... |..... |...H$| |....h| --- --- DoktorL the Woman-at-arms St:16 Dx:12 Co:20 In:7 Wi:13 Ch:11 Lawful S:25058 Dlvl:19 $:1222 HP:0(119) Pw:24(24) AC:-2 Xp:10/7982 T:9424 Stun Latest messages: The earth elemental turns to flee. The troll turns to flee. You crawl to the edge of the pit. The Grey-elf strikes at your displaced image and misses you! You hit the Grey-elf! You hit the Grey-elf! The Grey-elf strikes at your displaced image and misses you! You hit the Grey-elf! The Grey-elf hits! You kill the Grey-elf! What do you want to wield? [- abe or ?*] You are already wielding that! You have a little trouble lifting a wand of magic missile. Continue? [ynq] (q) What do you want to drink? [zN or ?*] Never mind. What do you want to drop? [$a-ceik-oq-svxzADH-NPR-Y or ?*] Count: 1 b You drop a +0 dagger. d - a wand of magic missile. In what direction? The door closes. In what direction? This door is already closed. You stop searching. What do you want to wield? [- abe or ?*] You are already wielding that! You hit the earth elemental! You miss the earth elemental. You miss the earth elemental. The earth elemental hits! You miss the earth elemental. You hit the earth elemental! The earth elemental hits! You hit the earth elemental! You kill the earth elemental! You stop searching. You miss the frost giant. The frost giant hits! You hit the frost giant! The frost giant hits! You hit the frost giant! The frost giant hits! You hit the frost giant! The frost giant hits! The frost giant knocks you back with a forceful strike! Ouch! Valkyrie, all your powers will be lost... You stagger... You die... Do you want your possessions identified? [ynq] (y) Inventory: Coins $ - 1222 gold pieces Amulets U - an uncursed amulet of reflection (being worn) Weapons b - 4 +0 daggers a - the blessed rustproof +0 Excalibur (weapon in hand) Armor H - an uncursed rusty +0 dwarvish iron helm (being worn) X - a cursed -1 helm of opposite alignment r - a cursed rusty +0 pair of iron shoes (being worn) c - an uncursed burnt +3 small shield (being worn) R - an uncursed +0 cloak of displacement (being worn) v - a cursed +0 splint mail (being worn) Comestibles S - 3 uncursed lumps of royal jelly o - 2 uncursed eggs P - an uncursed lizard corpse Scrolls D - an uncursed scroll of charging n - 2 uncursed scrolls of earth i - a blessed scroll of enchant armor M - an uncursed scroll of enchant armor I - an uncursed scroll of identify T - an uncursed scroll of light J - a cursed scroll of magic mapping Potions N - 2 uncursed diluted potions of paralysis z - 2 uncursed potions of water named uc Rings k - an uncursed ring of levitation Y - a cursed -1 ring of protection W - an uncursed ring of protection from shape changers A - an uncursed ring of slow digestion Wands x - a wand of fire (0:3) d - a wand of magic missile (0:4) q - a wand of magic missile (0:0) m - a wand of striking (0:3) L - a wand of teleportation (0:6) Tools K - an uncursed leather drum V - an uncursed blindfold l - an uncursed oil lamp s - an uncursed skeleton key e - a +0 unicorn horn DoktorL the Valkyrie's attributes: Background: You were a Woman-at-arms, a level 10 dwarven Valkyrie. You were lawful, on a mission for Tyr who was opposed by Odin (neutral) and Loki (chaotic). You were in the Dungeons of Doom, on level 19. You entered the dungeon 9424 turns ago. You had 7982 experience points, 2018 more were needed to attain level 11. Your score was 25058 before end-of-game adjustments. Basics: You had 0 out of 119 hit points. You had all 24 energy points (spell power). Your armor class was -2. Your wallet contained 1222 zorkmids. Autopickup was on for '$"?!/=' plus thrown, with exceptions. Final Characteristics: Your strength was 16 (limit:18/100). Your dexterity was 12 (peak:16, limit:20). Your constitution was 20 (limit:20). Your intelligence was 7 (limit:16). Your wisdom was 13 (limit:16). Your charisma was 11 (limit:16). Final Status: You were stunned. You weren't hungry. You were unencumbered. You were wielding a long sword. You had basic skill with long sword and could have enhanced that. Final Attributes: You were piously aligned. You were cold resistant. You were sleep resistant. You were poison resistant. You were level-drain resistant. You were telepathic. You had automatic searching. You had infravision. You were displaced. You were stealthy. You were warded. You were fast. You had reflection. You are dead. Miscellaneous: You disabled loading of bones levels. Total elapsed playing time was 40 minutes and 38 seconds. Major events: Turn 1: DoktorL the lawful dwarven Valkyrie entered the dungeon 1059: entered the Gnomish Mines 1229: attained the rank of Skirmisher (level 3) 2072: reached Mine Town 2294: attained the rank of Fighter (level 6) 3241: has been given Excalibur, and now enjoys supreme executive power 3371: entered Sokoban 4147: completed 2nd Sokoban level 5200: completed 3rd Sokoban level 5953: completed 4th Sokoban level 6496: acquired the Sokoban amulet of reflection 7863: attained the rank of Woman-at-arms (level 10) 8087: entered the Bigroom 9424: killed by a frost giant, while moving through the air Vanquished creatures: an ettin a queen bee 2 giant mimics an air elemental an earth elemental a water demon an ettin mummy a troll a freezing sphere a flaming sphere a tiger a dwarf ruler an ochre jelly a stone giant an elf mummy a human mummy 2 wraiths an ettin zombie 2 Grey-elves a chameleon 3 giant beetles 2 quivering blobs 4 wolves 2 gremlins 2 black lights a vampire bat 3 orc mummies a dwarf mummy 2 rust monsters an owlbear 2 yetis 3 lizards 2 chickatrices 4 dogs 2 jaguars a dwarf leader a black unicorn a snake an ape 4 Woodland-elves a soldier ant a bugbear an imp a wood nymph a water nymph an Uruk-hai 2 rock piercers 2 rock moles a pony a yellow light a violet fungus a kobold mummy 2 gray oozes 4 elf zombies 2 paper golems a baby crocodile 4 giant ants 2 little dogs 4 floating eyes 2 kittens 3 dwarves a homunculus a kobold leader 8 hill orcs a rothe 2 rabid rats 2 giant bats a monkey a dwarf zombie 2 iguanas 22 killer bees an acid blob a coyote a hobbit 3 manes a hobgoblin a giant rat 3 cave spiders a yellow mold a red mold 4 gnomes 4 garter snakes 4 geckos 5 jackals 3 foxes a kobold 2 goblins 3 sewer rats 5 grid bugs 2 bats 5 lichens a kobold zombie 8 newts 204 creatures vanquished. No species were genocided or became extinct. Voluntary challenges: You read items or engraved 13 times. You engraved Elbereth 4 times. You never had a pet. You never genocided any monsters. You never polymorphed an object. You never changed form. You used no wishes. You violated the special Sokoban rules once. Achievements: You entered a shop. You entered the Gnomish Mines. You attained the rank of Skirmisher. You entered Minetown. You entered a temple. You attained the rank of Fighter. You entered Sokoban. You completed Sokoban. You attained the rank of Woman-at-arms. You entered the Big Room. The Dungeons of Doom: levels 1 to 21 Level 1: "VAULT" Level 2: A general store, a sink. Level 3: A fountain. Level 4: Stairs down to The Gnomish Mines. Level 5: A fountain. Oracle of Delphi. Level 6: "VAULT" A fountain. Stairs up to Sokoban, level 5. Level 7: A fountain, a sink. Level 8: Level 9: "temple" A temple and an altar, some fountains. Level 10: A very big room. Level 11: Summoned by the Norn. Level 13: Level 14: Level 19: <- You were here. An altar to Tyr. Final resting place for you, killed by a frost giant, while moving through the air. Level 20: Level 21: "W" Some graves. The Gnomish Mines: levels 5 to 8 Level 5: Level 6: Level 7: Level 8: Many shops, a temple and an altar to Tyr, some fountains. Sokoban: levels 5 up to 2 Level 2: Solved. Level 3: Solved. Level 4: Solved. Level 5: Unsolved. Game over: ---------- / \ / REST \ / IN \ / PEACE \ / \ | DoktorL | | 1222 Au | | killed by a | | frost giant | | | | | | 2023 | *| * * * | * _________)/\\_//(\/(/\)/\//\/|_)_______ Farvel DoktorL the Valkyrie... You died in The Dungeons of Doom on dungeon level 19 with 24936 points, and 1222 pieces of gold, after 9424 moves. You were level 10 with a maximum of 119 hit points when you died.